 Dungeon Crawl Stone Soup version 0.31-a0-986-g5e6e4ef867 (webtiles) character file.

Game seed: 15619883698506673006

8779 GloriousHammer the Grappler (level 11, -10/115 HPs)
             Began as a Troll Chaos Knight on Nov 9, 2023.
             Was a Plaything of Xom.
             Mangled by a yak (13 damage)
             ... on level 10 of the Dungeon.
             The game lasted 00:30:26 (8001 turns).

GloriousHammer the Grappler (Troll Chaos Knight)    Turns: 8001, Time: 00:30:28

Health: -10/115    AC: 10    Str: 29      XL:     11   Next: 14%
Magic:  11/11      EV: 12    Int:  9      God:    Xom [......]
Gold:   2072       SH: 14    Dex: 18 (19) Spells: 4/10 levels left

rFire   + . .        b - +8 Vampire's Tooth {megavamp}
rCold   . . .        d - +0 kite shield
rNeg    . . .        F - +2 robe of Keluz {Will+ Regen+}
rPois   .            (helmet restricted)
rElec   +            C - +0 cloak
rCorr   .            (gloves unavailable)
SInv    .            (boots unavailable)
Will    +....        (no amulet)
Stlth   ++           S - +6 ring of strength
HPRegen 1.99/turn    D - +6 ring of dexterity
MPRegen 0.12/turn

%: random rage (3%)
@: no status effects
A: large, unfitting armour, claws 3, regeneration 1, shaggy fur 2, tough skin 1,
horns 1, iridescent scales 1, large bone plates 1, agile 1, berserk 1, fire
resistance 1, high MP 1, robust 1, electricity resistance
a: Renounce Religion


You were on level 10 of the Dungeon.
You worshipped Xom.
You were a very special plaything of Xom.
You visited 2 branches of the dungeon, and saw 11 of its levels.
You also visited: Sewer and Ossuary.

You collected 2072 gold pieces.

Inventory:

Hand Weapons
 b - the +8 Vampire's Tooth (weapon) {megavamp}
   (You found it on level 6 of the Dungeon)
Missiles
 g - 2 curare-tipped darts
 k - 50 poisoned darts (quivered)
 o - 104 stones
 t - 4 darts of dispersal
 v - a throwing net
 J - 6 boomerangs
Armour
 d - a +0 kite shield (worn)
 C - a +0 cloak (worn)
 F - the +2 robe of Keluz (worn) {Will+ Regen+}
   (You found it on level 4 of the Dungeon)

   Will+:     It increases your willpower.
   Regen+:    It increases your rate of health regeneration.
Jewellery
 D - a +6 ring of dexterity (right claw)
 S - a +6 ring of strength (left claw)
 Z - a ring of wizardry
Talismans
 I - a beast talisman
Wands
 a - a wand of charming (19)
 K - a wand of iceblast (1)
 M - a wand of flame (11)
 O - a wand of mindburst (5)
Scrolls
 c - a scroll of torment {unknown}
 e - a scroll of summoning {unknown}
 f - 2 scrolls of enchant weapon {unknown}
 h - 2 scrolls of immolation {unknown}
 j - 3 scrolls of poison {unknown}
 m - 7 scrolls of teleportation {unknown}
 n - a scroll of vulnerability {unknown}
 p - 3 scrolls of fear {unknown}
 r - 10 scrolls of identify {unknown}
 u - a scroll of brand weapon {unknown}
 y - 3 scrolls of revelation {unknown}
 z - 3 scrolls of blinking {unknown}
 E - 4 scrolls of fog {unknown}
 G - a scroll of butterflies
 L - a scroll of enchant armour {unknown}
 P - a scroll of amnesia {unknown}
Potions
 i - a potion of haste {unknown}
 l - 5 potions of attraction {unknown}
 q - 2 potions of mutation {unknown}
 s - 4 potions of curing {unknown}
 w - 2 potions of enlightenment {unknown}
 x - a potion of brilliance
 A - 5 potions of might {unknown}
 B - 2 potions of cancellation {unknown}
 H - a potion of invisibility {unknown}
 N - a potion of magic {unknown}


   Skills:
 + Level 5.8 Fighting
 - Level 4.0 Throwing
 + Level 5.6 Dodging
 * Level 6.0 Shields
 * Level 12.8 Unarmed Combat


You had 4 spell levels left.
You knew the following spells:

 Your Spells              Type           Power      Damage    Failure   Level
a - Blink                 Tloc           0%         N/A       73%         2
b - Lesser Beckoning      Tloc           0%         N/A       73%         2
c - Passwall              Tmut/Erth      0%         N/A       73%         2

Your spell library contained the following spells:

 Spells                   Type           Power      Damage    Failure   Level
 Ensorcelled Hibernation  Hex/Ice        0%         N/A       73%         2
 Momentum Strike          Conj/Tloc      0%         3d8       73%         2
 Call Canine Familiar     Summ           0%         N/A       91%         3
 Sigil of Binding         Hex            0%         N/A       91%         3
 Swiftness                Air            0%         N/A       91%         3
 Dimensional Bullseye     Hex/Tloc       0%         N/A       100%        4
 Leda's Liquefaction      Hex/Erth       0%         N/A       100%        4
 Manifold Assault         Tloc           0%         N/A       100%        4
 Iskenderun's Battlesphe  Conj           0%         2d6       100%        5
 Summon Forest            Summ/Tloc      0%         N/A       100%        5
 Bombard                  Conj/Erth      0%         9d1       100%        6
 Dispersal                Tloc           0%         N/A       100%        6
 Eringya's Noxious Bog    Tmut/Pois      0%         4d6       100%        6
 Spellforged Servitor     Conj/Summ      0%         N/A       100%        7
 Summon Hydra             Summ           0%         N/A       100%        7
 Disjunction              Tloc           0%         N/A       100%        8


Dungeon Overview and Level Annotations

Branches:
Dungeon (10/15)            Temple (1/1) D:6             Orc (0/2) D:9
  Sewer (visited)         Ossuary (visited)
   Lair: D:8-11

Altars:
Ashenzari
Cheibriados
Dithmenos
Elyvilon
Fedhas
Gozag
Hepliaklqana
Kikubaaqudgha
Makhleb
Nemelex Xobeh
Okawaru
Qazlal
Ru
Sif Muna
Trog
Uskayaw
Vehumet
Wu Jian
Xom
Yredelemnul
Zin
The Shining One

Shops:
D:2 [

Annotations:
D:9 3 runed translucent doors


Innate Abilities, Weirdness & Mutations

You are too large for most types of armour.
You have claws for hands.
Your natural rate of healing is unusually fast.
You are covered in thick fur. (AC +2)
You have tough skin. (AC +1)
You have a pair of small horns on your head.
You are partially covered in iridescent scales. (AC +2)
You are partially covered in large bone plates. (SH +4)
You are agile. (Dex +4, Str/Int -1)
You sometimes lose your temper in combat.
Your flesh is heat resistant. (rF+)
You have an increased reservoir of magic. (+10% MP)
You are robust. (+10% HP)
You are resistant to electric shocks. (rElec)


Message History

Xom thinks this is hilarious!
The red devil hits itself with a +0 trident!!
The red devil is killed!
The yak closely misses you. The orange demon closely misses you.
The quasit bites you.
You feel clumsy.
The quasit claws you but does no damage.
The quasit completely misses you.
You mangle the quasit!!
You kill the quasit!
You block the iron imp's attack. You block the yak's attack.
The yak gores you but does no damage. The orange demon misses you.
You block the yak's attack. You block the orange demon's attack.
The orange demon misses you. The yak closely misses you.
The iron imp hits you but does no damage.
You scratch the orange demon.
The orange demon is lightly wounded.
You block the orange demon's attack. The orange demon barely misses you.
The yak gores you but does no damage. The yak gores you. x2
You claw the orange demon!
The orange demon is heavily wounded.
The iron imp hits you. You block the yak's attack. The yak misses you.
The yak gores you. The orange demon stings you.
You block the orange demon's attack.
You scratch the orange demon. You headbutt the orange demon.
The orange demon is severely wounded.
Xom makes a sudden noise!
You hear a twanging sound.
You hear a shout!
The iron imp laughs crazily.
You block the iron imp's attack. The yak misses you.
The yak barely misses you. x2
The orange demon barely misses you.
The orange demon hits you but does no damage.
You completely miss the orange demon.
The orange demon is heavily wounded.
The iron imp picks up a beetle and eats it.
You block the iron imp's attack.
You barely miss the orange demon.
The orange demon is heavily wounded.
The orange demon stings you. You block the orange demon's attack.
You block the yak's attack. The yak gores you! The yak gores you.
You claw the orange demon! You headbutt the orange demon.
The orange demon is almost dead.
You block the yak's attack. The yak gores you but does no damage.
You block the orange demon's attack.
The orange demon hits you but does no damage.
The yak gores you!
The iron imp shouts, "Flee, thou rough-hewn weevil-witted pumpion!"
You block the iron imp's attack.
You mangle the orange demon!!
You kill the orange demon!
The yak gores you! The yak closely misses you. You block the yak's attack.
The iron imp hits you but does no damage.
Your Shields skill increases to level 6!
You closely miss the ice devil. Your headbutt misses the ice devil.
You block the ice devil's attack. The yak gores you. The yak barely misses you.
The yak gores you!
You claw the ice devil!
The ice devil is moderately wounded.
The iron imp barely misses you. The yak barely misses you.
You block the yak's attack. The yak gores you! The ice devil hits you.
The ice devil freezes you!
Unknown command.
You claw the iron imp!
You kill the iron imp!
The ice devil hits you but does no damage.
You block the yak's attack. x2; The yak closely misses you.
The yak gores you. You block the yak's attack.
Unknown command.
You claw the ice devil!
You headbutt the ice devil, but do no damage.
The ice devil is heavily wounded.
You block the ice devil's attack. The yak gores you but does no damage.
Unknown command.
You feel strangely empty.
b - the +8 Vampire's Tooth (weapon)
{megavamp} The yak barely misses you.
You block the yak's attack. You block the ice devil's attack.
You block the yak's attack.
You barely miss the yak. You headbutt the yak, but do no damage.
You completely miss the yak. You headbutt the yak, but do no damage.
The yak is heavily wounded.
You block the yak's attack. The yak gores you!
* * * LOW HITPOINT WARNING * * *
The ice devil hits you!
* * * LOW HITPOINT WARNING * * *
The ice devil freezes you!
* * * LOW HITPOINT WARNING * * *
The yak gores you but does no damage.
Okay, then.
Okay, then.
Okay, then.
You hit the yak.
You feel better.
You hit the yak. You headbutt the yak!
The yak is almost dead.
The yak gores you!
* * * LOW HITPOINT WARNING * * *
The yak gores you.
* * * LOW HITPOINT WARNING * * *
You block the ice devil's attack. You block the yak's attack.
The yak gores you!
You die...
Xom thinks this is hilarious!

.....#####.#............
...........#............
##8≈.≈8##..'............
##8≈...≈8##.#.....#######
#8≈.....≈8#.#.....'.....#
8§...≈...≈8.#.....#.....#
≈...§8§.!)≈.#...###.....#
..§≈8#8≈.Y..#...#.......#
≈...§8≈4@Y§.#...#......##
8≈...≈..Y§8.#...#####..#.
#8≈.....§8#.#.......'..#.
##8≈...≈8##.#.......####.
##8≈.§8## #............
#..§... #............
#....§. #............
####### #............
####'########


You could see an ice devil and 3 yaks.

Vanquished Creatures
  Pikel (D:5)
  An orange demon (D:10)
  2 kobold demonologists (D:9)
  Jeremiah (D:9)
  A red devil (D:10)
  Grinder (Sewer)
  2 shadows
  2 wraiths
  5 yaks (D:9)
  A wyvern (D:8)
  3 orc warriors
  A sky beast (D:7)
  2 ice beasts
  An ogre (D:5)
  3 centaurs
  2 phantoms (D:5)
  A lemure (D:5)
  5 kobold brigands
  6 bullfrogs
  3 gnoll sergeants
  A necrophage (Sewer)
  10 scorpions
  An elf skeleton (D:8)
  10 wights
  6 killer bees (D:7)
  3 howler monkeys
  A centaur zombie (Ossuary)
  A quasit (D:10)
  2 hounds (D:7)
  2 human zombies (Ossuary)
  6 jellies
  12 orc priests
  An iron imp (D:10)
  A sleepcap (D:6)
  2 iguanas (D:5)
  5 scorpion zombies (Ossuary)
  6 orc wizards
  3 mummies (Ossuary)
  Robin (D:4)
  12 adders
  10 gnolls
  A river rat (D:4)
  3 shadow imps
  A white imp (D:8)
  6 ufetubi
  3 worms
  4 dart slugs
  50 orcs
  4 bats
  6 endoplasms
  4 giant cockroaches
  A gnoll zombie (Ossuary)
  11 goblins
  10 hobgoblins
  3 jackals (D:1)
  44 kobolds
  7 quokkas
  10 ball pythons
  2 frilled lizards
  7 goblin zombies (Ossuary)
  2 hobgoblin zombies (Ossuary)
  3 kobold zombies (Ossuary)
  An orc skeleton (D:8)
  An orc zombie (Ossuary)
  10 rats
334 creatures vanquished.

Vanquished Creatures (collateral kills)
  2 elf zombies (D:8)
  An iron imp (D:10)
  3 gnolls (D:8)
  A kobold (D:6)
  2 orc skeletons (D:8)
9 creatures vanquished.

Grand Total: 343 creatures vanquished

Notes
Turn   | Place    | Note
-------+----------+-------------------------------------------
     0 | D:1      | GloriousHammer the Troll Chaos Knight began the quest for
                  | the Orb.
     0 | D:1      | Reached XP level 1. HP: 22/22 MP: 0/0
   110 | D:1      | XOM: potion effect (might)
   115 | D:1      | Reached XP level 2. HP: 29/29 MP: 1/1
   125 | D:1      | Found a faded altar of an unknown god.
   153 | D:1      | XOM: potion effect (invisibility)
   266 | D:1      | Reached skill level 4 in Unarmed Combat
   577 | D:1      | Reached XP level 3. HP: 36/36 MP: 2/2
   948 | D:2      | XOM: silly message
   992 | D:2      | Found Kicuilona's Antique Armour Boutique.
  1073 | D:2      | Reached XP level 4. HP: 44/44 MP: 3/3
  1087 | D:2      | XOM: divination: detect creatures
  1156 | D:2      | Reached skill level 5 in Unarmed Combat
  1180 | D:2      | XOM: divination: detect items
  1355 | D:3      | XOM: divination: detect items
  1389 | D:3      | XOM: cloud trail
  1442 | D:3      | Reached XP level 5. HP: 50/50 MP: 4/4
  1540 | D:3      | XOM: 4-stop teleportation journey
  1706 | D:3      | XOM: give mutations
  1706 | D:3      | Gained mutation: You have an increased reservoir of magic.
                  | (+10% MP) [Xom's mischief]
  1706 | D:3      | Gained mutation: You are partially covered in iridescent
                  | scales. (AC +2) [Xom's mischief]
  1706 | D:3      | Gained mutation: You are partially covered in large bone
                  | plates. (SH +4) [Xom's mischief]
  1890 | D:3      | XOM: god gift: book of Power
  2007 | D:4      | Reached skill level 6 in Unarmed Combat
  2043 | D:4      | Found a glowing drain.
  2051 | Sewer    | Entered a sewer
  2203 | Sewer    | Noticed Grinder
  2218 | Sewer    | Reached XP level 6. HP: 44/59 MP: 5/5
  2220 | Sewer    | XOM: enchant monster (good)
  2226 | Sewer    | XOM: cleaving
  2227 | Sewer    | Paralysed by Grinder for 3 turns
  2239 | Sewer    | Paralysed by Grinder for 3 turns
  2241 | Sewer    | XOM: smoke on damage
  2245 | Sewer    | Killed Grinder
  2246 | Sewer    | Reached skill level 7 in Unarmed Combat
  2253 | Sewer    | XOM: cast spell 'Alistair's Intoxication'
  2256 | Sewer    | Found an ancient bone altar of Kikubaaqudgha.
  2259 | Sewer    | Reached skill level 8 in Unarmed Combat
  2259 | Sewer    | Reached XP level 7. HP: 65/66 MP: 6/6
  2278 | Sewer    | XOM: god gift: 37 gold pieces
  2375 | Sewer    | Identified the +6 short sword "Gall" {vamp, rElec Int+4}
  2427 | D:4      | Identified the +2 robe of Keluz {Will+ Regen+}
  2650 | D:4      | Identified the +5 ring mail "Bowamp" {Str+3 Int-2 Dex+2}
  2734 | D:4      | Found a faded altar of an unknown god.
  2735 | D:4      | Found a hazy altar of Hepliaklqana.
  2741 | D:4      | Reached skill level 9 in Unarmed Combat
  2792 | D:4      | Noticed Robin
  2796 | D:4      | Killed Robin
  2907 | D:4      | XOM is BORED!
  3127 | D:4      | XOM: god gift: sedimented cyan potion {god gift}
  3254 | D:5      | Entered Level 5 of the Dungeon
  3332 | D:5      | XOM: enchant monster (good)
  3349 | D:5      | XOM: divination: detect items
  3351 | D:5      | Reached skill level 1 in Throwing
  3351 | D:5      | Reached XP level 8. HP: 74/74 MP: 7/7
  3382 | D:5      | XOM: noise
  3393 | D:5      | XOM: give mutations
  3393 | D:5      | Lost mutation: You are partially covered in large bone
                  | plates. (SH +4) [Xom's mischief]
  3393 | D:5      | Gained mutation: You are strong-willed. (Will+) [Xom's
                  | mischief]
  3393 | D:5      | Lost mutation: You are strong-willed. (Will+) [Xom's
                  | mischief]
  3393 | D:5      | Gained mutation: You possess an exceptional clarity of
                  | mind. [Xom's mischief]
  3394 | D:5      | Noticed Pikel
  3401 | D:5      | Killed Pikel
  3402 | D:5      | Reached skill level 10 in Unarmed Combat
  3688 | D:5      | Reached skill level 1 in Shields
  3788 | D:5      | XOM: give mutation
  3788 | D:5      | Lost mutation: You possess an exceptional clarity of mind.
                  | [Xom's mischief]
  4089 | D:5      | XOM: god gift: plate armour {god gift}
  4109 | D:5      | XOM: god gift: scroll labelled NATEOH GISUD {god gift}
  4119 | D:6      | XOM: noise
  4119 | D:6      | Found the +8 Vampire's Tooth {megavamp}
  4128 | D:6      | Reached XP level 9. HP: 80/84 MP: 8/8
  4133 | D:6      | XOM: silly message
  4143 | D:6      | XOM: enchant monster (bad)
  4149 | D:6      | Found a staircase to the Ecumenical Temple.
  4178 | Temple   | Entered the Ecumenical Temple
  4186 | D:6      | XOM: cloud trail
  4225 | D:6      | Found a blossoming altar of Fedhas.
  4275 | D:6      | XOM: summons friendly shadow imp
  4350 | D:6      | XOM: 2-stop teleportation journey
  4385 | D:6      | XOM: cast spell 'Death Channel'
  4775 | D:6      | You fall into a shaft and drop 1 floor!
  4847 | D:7      | Reached skill level 11 in Unarmed Combat
  5169 | D:7      | HP: 5/127 [poisoned by a killer bee]
  5171 | D:7      | HP: 2/127 [poisoned by a killer bee]
  5176 | D:7      | HP: 2/127 [poisoned by a killer bee]
  5225 | D:7      | XOM: divination: magic mapping
  5230 | D:7      | Found a broken altar of Ashenzari.
  5231 | D:7      | Found a white marble altar of Elyvilon.
  5390 | D:7      | Found an opulent altar of Gozag.
  5393 | D:7      | Found a stormy altar of Qazlal.
  5396 | D:7      | Found a burning altar of Makhleb.
  5399 | D:7      | Found a snail-covered altar of Cheibriados.
  5778 | D:8      | Reached XP level 10. HP: 80/94 MP: 10/10
  5954 | D:8      | Found a sand-covered staircase.
  5958 | Ossuary  | Entered an ossuary
  6022 | Ossuary  | Reached skill level 5 in Fighting
  6392 | D:8      | Reached skill level 12 in Unarmed Combat
  6663 | D:9      | XOM: god gift: 1366 gold pieces
  6666 | D:9      | Reached skill level 5 in Dodging
  6687 | D:9      | XOM: give mutations
  6687 | D:9      | Gained mutation: You are covered in thick fur. (AC +2)
                  | [Xom's grace]
  6687 | D:9      | Gained mutation: You are partially covered in large bone
                  | plates. (SH +4) [Xom's grace]
  6687 | D:9      | Gained mutation: You have a pair of small horns on your
                  | head. [Xom's grace]
  6687 | D:9      | Gained mutation: Your flesh is heat resistant. (rF+) [Xom's
                  | grace]
  6722 | D:9      | Found a staircase to the Orcish Mines.
  6986 | D:9      | XOM: give mutations
  6986 | D:9      | Gained mutation: You are robust. (+10% HP) [Xom's grace]
  6986 | D:9      | Gained mutation: You are resistant to electric shocks.
                  | (rElec) [Xom's grace]
  6986 | D:9      | Gained mutation: You are agile. (Dex +4, Str/Int -1) [Xom's
                  | grace]
  7002 | D:9      | Found a runed translucent gate.
  7002 | D:9      | Found a runed translucent gate.
  7002 | D:9      | Found a runed translucent gate.
  7002 | D:9      | Noticed a death yak
  7002 | D:9      | Noticed a death yak
  7002 | D:9      | Noticed a manticore
  7003 | D:9      | Noticed a manticore
  7004 | D:9      | XOM: swap monsters
  7007 | D:9      | XOM: stat loss: -1 Dex (18/19)
  7018 | D:9      | Reached skill level 5 in Shields
  7019 | D:9      | Noticed a death yak
  7019 | D:9      | Noticed a death yak
  7022 | D:9      | Noticed a death yak
  7025 | D:9      | Noticed a manticore
  7093 | D:9      | XOM: chaos cloud
  7095 | D:9      | XOM: blink monster(s)
  7176 | D:9      | Noticed Jeremiah
  7190 | D:9      | Killed Jeremiah
  7216 | D:9      | XOM: 2-stop teleportation journey
  7243 | D:9      | XOM: give mutation
  7243 | D:9      | Gained mutation: You sometimes lose your temper in combat.
                  | [Xom's mischief]
  7514 | D:9      | Reached XP level 11. HP: 105/111 MP: 11/11
  7519 | D:9      | Learned a level 2 spell: Blink
  7522 | D:9      | Learned a level 2 spell: Lesser Beckoning
  7525 | D:9      | Learned a level 2 spell: Passwall
  7615 | D:9      | XOM: summons 4 hostile demons
  7639 | D:9      | XOM: smoke on damage
  7675 | D:10     | Entered Level 10 of the Dungeon
  7862 | D:10     | XOM is BORED!
  7862 | D:10     | XOM: summons 4 hostile shadow creatures
  7863 | D:10     | Noticed a two-headed ogre
  7976 | D:10     | XOM: swap monsters
  7979 | D:10     | XOM: blink monster(s)
  7988 | D:10     | XOM: noise
  8001 | D:10     | HP: 3/115 [yak (5)]
  8001 | D:10     | Mangled by a yak

Illustrated notes

Levels and vault maps discovered:
D:1:      sevenhm_arrival_forest_fort_large_4, layout_basic,
          hellmonk_ecumenical_altar_dog_temple, minmay_ruptured
D:2:      layout_rooms, serial_shops, shop_fountains
D:3:      layout_basic, minmay_misc_feat_five,
          wander_ebering_terrifying_dragon_lair
D:4:      layout_basic, beargit_hepliaklqana_dungeon_heroes,
          lightli_sewer_entry_pipes, uniq_robin
D:5:      layout_basic, grunt_ministairs_2, uniq_pikel
D:6:      layout_basic, fedhas_altar_2, minmay_temple_entry_overgrown,
          grunt_decor_cap
D:7:      layout_layer_cave, grunt_temple_overflow_cloverleaf,
          gammafunk_temple_overflow_statue
D:8:      layout_loops_ring, nicolae_ossuary_entry_catacombs
D:9:      lemuel_bear_cage, layout_stronghold, hiddenorc2_lemuel,
          chequers_mini_garden, hangedman_decor_lopped, uniq_jeremiah
D:10:     layout_irregular_city, lair_entry_dummy,
          nicolae_demonic_statue_gallery
Temple:   zaba_magenta_temple

Skill      XL: |  1  2  3  4  5  6  7  8  9 10 11 |
---------------+----------------------------------+-----
Unarmed Combat | 4 5 6 8 9 10 11 12 | 12.8
Dodging        | 2 3 4 5 |  5.6
Throwing       | 1 2 4 |  4.0
Fighting       | 3 4 5 |  5.8
Shields        | 1 3 5 6 |  6.0

Action                     |  1- 3 |  4- 6 |  7- 9 | 10-12 || total
---------------------------+-------+-------+-------+-------++-------
  Melee: Unarmed           |    72 |   146 |   284 |   311 ||   813
         Punch             |     1 |     6 |    15 |    17 ||    39
         Quick blade       |       |       |    24 |     4 ||    28
         Headbutt          |       |       |       |    47 ||    47
  Throw: Dart              |       |     3 |       |     9 ||    12
    Use: Potion            |       |       |     6 |       ||     6
   Stab: Sleeping          |     2 |       |     1 |       ||     3
         Paralysed         |       |       |     1 |       ||     1
         Distracted        |       |       |     1 |       ||     1
 Armour: Robe              |    43 |    79 |   215 |   216 ||   553
         Skin              |       |       |     8 |       ||     8
  Dodge: Dodged            |    28 |    52 |   169 |   174 ||   423
  Block: Other             |       |    12 |    12 |    17 ||    41
         Kite shield       |       |       |       |    73 ||    73

Table legend: (Time is in decaauts)
 A = Elapsed time spent in this place.
 B = Non-inter-level travel time spent in this place.
 C = Inter-level travel time spent in this place.
 D = Time resting spent in this place.
 E = Time spent auto-exploring this place.
 F = Levels seen in this place.
 G = Mean time per level.
                   A        B        C        D        E       F      G
               +--------+--------+--------+--------+--------+-----+--------+
         Total |   7861 |   7620 |    241 |     79 |   4734 |  13 |  604.7 |
       Dungeon |   7261 |   7020 |    241 |     79 |   4663 |  10 |  726.1 |
        Temple |      1 |      1 |      0 |      0 |      0 |   1 |    1.0 |
         Sewer |    318 |    318 |      0 |      0 |      5 |   1 |  318.0 |
       Ossuary |    279 |    279 |      0 |      0 |     66 |   1 |  279.0 |
               +--------+--------+--------+--------+--------+-----+--------+

Top non-repeatable levels by time:
     D:9: 1012 daAuts
     D:4: 919 daAuts
     D:1: 883 daAuts
     D:5: 851 daAuts
     D:7: 839 daAuts
     D:3: 717 daAuts
     D:8: 694 daAuts
     D:6: 644 daAuts
     D:2: 379 daAuts
    D:10: 320 daAuts
   Sewer: 318 daAuts
 Ossuary: 279 daAuts
  Temple: 1 daAuts
